 Dungeon Crawl Stone Soup version 0.23.2-1-ga50397a6bc (webtiles) character file.

Game seed: 3049918509885280670

3670 Nattfarinn the Thaumaturge (level 9, -3/55 HPs)
             Began as a Deep Elf Conjurer on May 30, 2019.
             Was a Follower of Vehumet.
             Slain by a tengu warrior
             ... wielding a +3 dire flail
              (18 damage)
             ... on level 8 of the Dungeon.
             The game lasted 00:34:10 (9088 turns).

Nattfarinn the Thaumaturge (Deep Elf Conjurer)      Turns: 9088, Time: 00:34:10

Health: -3/55      AC: 10    Str:  5    XL:     9   Next: 89%
Magic:  20/36      EV: 14    Int: 24    God:    Vehumet [*.....]
Gold:   200        SH:  5    Dex: 15    Spells: 22/32 levels left

rFire    . . .     SeeInvis .   s - +1 short sword (venom)
rCold    . . .     Gourm    .   (no shield)
rNeg     . . .     Faith    .   B - +2 robe {MR+}
rPois    .         Spirit   .   f - +2 helmet
rElec    .         Reflect  +   t - scarf {cloud immunity}
rCorr    .         Harm     .   l - +2 pair of gloves
MR       +....                  (no boots)
Stlth    +++.......             g - +5 amulet of reflection
HPRegen  0.18/turn              h - ring of magical power
MPRegen  0.25/turn              (no ring)

@: no status effects
A: no striking features
a: Renounce Religion


You were on level 8 of the Dungeon.
You worshipped Vehumet.
Vehumet was aware of your devotion.
You were not hungry.

You visited 1 branch of the dungeon, and saw 8 of its levels.

You collected 459 gold pieces.
You spent 259 gold pieces at shops.

Inventory:

Hand Weapons
 e - a +2 whip of flaming
 s - a +1 short sword of venom (weapon)
Armour
 a - a +0 robe
 f - a +2 helmet (worn)
 l - a +2 pair of gloves (worn)
 t - a scarf of cloud immunity (worn)
 B - a +2 robe of magic resistance (worn)
Jewellery
 g - a +5 amulet of reflection (around neck)
 h - a ring of magical power (left hand)
 w - an uncursed amulet of magic regeneration {unknown}
 D - an uncursed amulet of rage {unknown}
Wands
 b - a wand of acid (8)
 y - a wand of scattershot (5)
 E - a wand of polymorph (11)
 I - a wand of iceblast (4)
 K - a wand of paralysis (10)
Scrolls
 d - a scroll of immolation
 j - 2 scrolls of enchant weapon
 k - 3 scrolls of amnesia
 m - 2 scrolls of magic mapping
 r - 10 scrolls of teleportation
 v - 5 scrolls of remove curse
 C - 5 scrolls of identify
 G - 2 scrolls of enchant armour
 H - 2 scrolls of blinking {unknown}
Potions
 i - a potion of might
 n - 2 potions of cancellation
 o - a potion of berserk rage {unknown}
 q - a potion of flight
 u - a potion of haste
 x - a potion of mutation {unknown}
 z - a potion of magic {unknown}
 A - 2 potions of lignification
 F - 2 potions of degeneration {unknown}
Comestibles
 c - 9 rations
 p - 13 chunks of flesh


   Skills:
 - Level 5.7 Fighting
 + Level 0.0 Short Blades
 - Level 4.0 Dodging
 * Level 4.0 Stealth
 - Level 12.4 Spellcasting
 + Level 5.1 Conjurations
 - Level 8.4 Hexes


You had 22 spell levels left.
You knew the following spells:

 Your Spells              Type           Power        Failure   Level  Hunger
a - Magic Dart            Conj           ####         1%          1    None
b - Searing Ray           Conj           #####.       1%          2    None
c - Confuse               Hex            ######..     1%          3    None
d - Iskenderun's Mystic   Conj           #####...     4%          4    None

Your spell library contained the following spells:

 Spells                   Type           Power        Failure   Level  Hunger
 Flame Tongue             Conj/Fire      ####.        1%          1    None
 Confusing Touch          Hex            ######       1%          1    None
 Dazzling Spray           Conj/Hex       #####.       1%          3    None
 Fulminant Prism          Conj/Hex       #####.....   2%          4    None
 Animate Skeleton         Necr           N/A          4%          1    None
 Pain                     Necr           ##..         4%          1    None
 Gell's Gravitas          Tloc           ##........   12%         3    None
 Regeneration             Chrm/Necr      ##........   12%         3    None
 Vampiric Draining        Necr           ##........   12%         3    None
 Force Lance              Conj/Tloc      ####....     14%         4    None
 Metabolic Englaciation   Hex/Ice        #####.....   21%         5    ###....
 Yara's Violent Unravell  Hex/Tmut       #####.....   21%         5    ###....
 Animate Dead             Necr           N/A          38%         4    None
 Petrify                  Tmut/Erth      ##......     38%         4    None


Dungeon Overview and Level Annotations

Branches:
Dungeon (8/15)             Temple (0/1) D:6
   Lair: D:8-11

Altars:
Cheibriados
Dithmenos
Elyvilon
Fedhas
Kikubaaqudgha
Qazlal
Ru
Sif Muna
Vehumet
Wu Jian
Xom
Yredelemnul
The Shining One

Shops:
D:5 :?[   D:6 =   D:7 %

Annotations:
D:4 1 runed translucent door, Alannah's ghost, amateur DsGl


Message History

The phantom resists with significant effort.
The phantom barely misses you.
Casting: Confuse (safe; 1% risk of failure)
Confirm with . or Enter, or press ? or * to list all spells.
Aiming: Confuse (safe; 1% risk of failure)
Press: ? - help, Shift-Dir - straight line, f/p - phantom
Aim: a phantom (chance to defeat MR: 57%)
The phantom resists with significant effort.
The tengu warrior says, "I'm a little confused."
The phantom hits you.
* * * LOW HITPOINT WARNING * * *
Casting: Confuse (safe; 1% risk of failure)
Confirm with . or Enter, or press ? or * to list all spells.
Aiming: Confuse (safe; 1% risk of failure)
Press: ? - help, Shift-Dir - straight line, f/p - phantom
Aim: a phantom (chance to defeat MR: 57%)
The phantom appears confused.
The tengu warrior grins madly.
The tengu warrior hits you with a +3 dire flail!!
You die...

#.#####......#...÷.)>#.
.....##.......#).#÷.)..
#.##.##.......#..#)####
##.##.##..........#.#
#÷.#)...............# #
#.#....##############
#.#......## .W.
#.........# ....
###......@# .Q...
#........WQ#...$).
#.##....#.(.....# #
#....##.######
##..###.# .... #.#
###.. ..# ### ###


You could see a tengu warrior (confused) and a phantom (confused).

Vanquished Creatures
  Harold (D:7)
  Pikel (D:6)
  Grinder (D:4)
  Prince Ribbit (D:6)
  Edmund (D:5)
  Duvessa (D:5)
  3 slaves (D:5)
  4 centaurs
  Blork the orc (D:4)
  A gnoll sergeant (D:8)
  3 bullfrogs
  Dowan (D:5)
  A scorpion (D:7)
  4 wights
  3 killer bees (D:7)
  A howler monkey (D:5)
  A centaur zombie (D:7)
  2 crimson imps
  3 hounds
  4 iguanas
  4 orc wizards
  Natasha (thrice) (D:4)
  2 worker ants (D:6)
  A killer bee zombie (D:6)
  2 hound skeletons (D:4)
  A howler monkey skeleton (D:7)
  A mummy (D:6)
  8 gnolls
  8 adders
  2 shadow imps (D:6)
  2 adder skeletons
  4 worms
  A dart slug (D:1)
  9 leopard geckos
  11 orcs
  8 bats
  4 giant cockroaches
  8 goblins
  11 hobgoblins
  17 jackals
  12 kobolds
  2 quokkas
  3 ball pythons
  5 frilled lizards
  A hobgoblin zombie (D:6)
  A leopard gecko skeleton (D:4)
  An orc zombie (D:6)
  A quokka zombie (D:7)
  6 rats
177 creatures vanquished.

Vanquished Creatures (others)
  A slave (D:6)
1 creature vanquished.

Grand Total: 178 creatures vanquished

Notes
Turn   | Place    | Note
-------+----------+-------------------------------------------
     0 | D:1      | Nattfarinn the Deep Elf Conjurer began the quest for the
                  | Orb.
     0 | D:1      | Reached XP level 1. HP: 10/10 MP: 6/6
   235 | D:1      | Reached XP level 2. HP: 15/15 MP: 8/8
   703 | D:1      | Learned a level 2 spell: Searing Ray
  1484 | D:1      | Reached XP level 3. HP: 20/20 MP: 9/9
  1488 | D:1      | Reached skill level 1 in Fighting
  2010 | D:1      | HP: 1/20 [adder (3)]
  2012 | D:1      | Reached XP level 4. HP: 24/25 MP: 8/10
  2385 | D:2      | Reached skill level 4 in Spellcasting
  3035 | D:3      | Learned a level 3 spell: Confuse
  3040 | D:3      | Reached XP level 5. HP: 30/30 MP: 13/13
  3433 | D:3      | Found an ancient bone altar of Kikubaaqudgha.
  3433 | D:3      | Found a blossoming altar of Fedhas.
  4003 | D:4      | Noticed Grinder
  4014 | D:4      | Paralysed by Grinder for 7 turns
  4023 | D:4      | Killed Grinder
  4023 | D:4      | Reached skill level 6 in Spellcasting
  4023 | D:4      | Reached XP level 6. HP: 34/36 MP: 15/17
  4201 | D:4      | Noticed Blork the orc
  4221 | D:4      | Killed Blork the orc
  4221 | D:4      | Reached XP level 7. HP: 24/40 MP: 6/19
  4502 | D:4      | Found a runed translucent door.
  4508 | D:4      | Noticed Natasha
  4513 | D:4      | Killed Natasha
  4513 | D:4      | Reached skill level 7 in Spellcasting
  4539 | D:4      | Noticed Alannah's ghost (amateur DsGl)
  4881 | D:4      | Noticed Natasha
  4885 | D:4      | Killed Natasha
  5013 | D:4      | Noticed Natasha
  5025 | D:4      | Killed Natasha
  5216 | D:5      | Entered Level 5 of the Dungeon
  5218 | D:5      | Found Sutib's Magic Scroll Emporium.
  5224 | D:5      | Bought a scroll of enchant armour for 97 gold pieces
  5224 | D:5      | Bought a scroll of enchant armour for 97 gold pieces
  5224 | D:5      | Bought a scroll of remove curse for 39 gold pieces
  5224 | D:5      | Bought a scroll of identify for 26 gold pieces
  5286 | D:5      | Reached skill level 8 in Spellcasting
  5425 | D:5      | Found Ucziv's Antique Armour Emporium.
  5457 | D:5      | Found a shimmering altar of Xom.
  5458 | D:5      | Found a deep blue altar of Sif Muna.
  5458 | D:5      | Found a basalt altar of Yredelemnul.
  5458 | D:5      | Found a white marble altar of Elyvilon.
  5458 | D:5      | Found a snail-covered altar of Cheibriados.
  5460 | D:5      | Found an ornate altar of the Wu Jian Council.
  5461 | D:5      | Found a sacrificial altar of Ru.
  5462 | D:5      | Found a radiant altar of Vehumet.
  5463 | D:5      | Found a shadowy altar of Dithmenos.
  5556 | D:5      | Noticed Edmund
  5576 | D:5      | Killed Edmund
  5583 | D:5      | Reached XP level 8. HP: 48/48 MP: 22/22
  5655 | D:5      | Noticed Duvessa
  5663 | D:5      | Noticed Dowan
  5677 | D:5      | Killed Duvessa
  5677 | D:5      | Reached skill level 5 in Hexes
  5685 | D:5      | Killed Dowan
  5685 | D:5      | Reached skill level 9 in Spellcasting
  5691 | D:5      | Found Feadere's Book Shoppe.
  6237 | D:6      | Noticed Pikel
  6604 | D:6      | Found Goacosh's Jewellery Emporium.
  6618 | D:6      | Killed Pikel
  6618 | D:6      | Reached skill level 10 in Spellcasting
  6776 | D:6      | Found a sand-covered staircase.
  7036 | D:6      | Found a radiant altar of Vehumet.
  7045 | D:6      | Became a worshipper of Vehumet
  7108 | D:6      | Found a staircase to the Ecumenical Temple.
  7124 | D:6      | Reached XP level 9. HP: 46/52 MP: 25/25
  7325 | D:6      | Noticed Prince Ribbit
  7352 | D:6      | Killed Prince Ribbit
  7352 | D:6      | Reached skill level 11 in Spellcasting
  7358 | D:6      | Learned a level 4 spell: Iskenderun's Mystic Blast
  7639 | D:6      | Found a stormy altar of Qazlal.
  7814 | D:7      | Reached skill level 5 in Fighting
  7941 | D:7      | Found a glowing golden altar of the Shining One.
  7992 | D:7      | Noticed Harold
  8041 | D:7      | Killed Harold
  8041 | D:7      | Reached skill level 12 in Spellcasting
  8055 | D:7      | Reached * piety under Vehumet
  8055 | D:7      | Offered knowledge of Flame Tongue by Vehumet.
  8275 | D:7      | Found Qosorurph's Food Emporium.
  8877 | D:8      | Reached skill level 5 in Conjurations
  9075 | D:8      | Noticed a tengu warrior
  9088 | D:8      | Slain by a tengu warrior

Skill      XL: |  1  2  3  4  5  6  7  8  9 |
---------------+----------------------------+-----
Dodging        | 3 4 |  4.0
Fighting       | 1 2 3 4 5 |  5.7
Spellcasting   | 4 6 8 10 12 | 12.4
Hexes          | 2 3 4 6 8 |  8.4
Stealth        | 4 |  4.0
Conjurations   | 5 |  5.1

Action                   |  1- 3 |  4- 6 |  7- 9 || total
-------------------------+-------+-------+-------++-------
Melee: Whip              |    39 |     3 |       ||    42
       Short sword       |       |       |   359 ||   359
 Cast: Magic Dart        |    12 |   108 |    68 ||   188
       Searing Ray       |     5 |    12 |     5 ||    22
       Confuse           |       |     5 |    74 ||    79
       Iskenderun's Myst |       |       |     5 ||     5
  Use: Potion            |     1 |     1 |     5 ||     7
       Scroll            |       |       |    12 ||    12
 Stab: Sleeping          |     6 |       |     7 ||    13
       Confused          |       |       |    37 ||    37
  Eat: Chunk             |     1 |     4 |    14 ||    19
       Ration            |     1 |     1 |       ||     2
Armor: Robe              |    15 |       |    86 ||   101
Dodge: Dodged            |    45 |    14 |   238 ||   297
Block: Other             |       |       |    73 ||    73
